 Dungeon Crawl Stone Soup version 0.20.1-1-g8b1a95d (webtiles) character file.

152 raph the Chopper (level 5, 0/42 HPs)
             Began as a Minotaur Gladiator on Sept 25, 2017.
             Slain by a gnoll
             ... wielding a +0 flail
              (6 damage)
             ... on level 3 of the Dungeon.
             The game lasted 00:05:15 (2504 turns).

raph the Chopper (Minotaur Gladiator)               Turns: 2504, Time: 00:05:15

Health: 0/42       AC: 11    Str: 18    XL:     5   Next: 11%
Magic:  4/4        EV:  8    Int:  5    God:
Gold:   200        SH:  0    Dex: 13    Spells: 4/4 levels left

rFire    . . .     SeeInvis .   a - +0 war axe
rCold    . . .     Gourm    .   (no shield)
rNeg     . . .     Faith    .   e - +0 chain mail
rPois    .         Spirit   .   k - +1 hat
rElec    .         Reflect  .   (no cloak)
rCorr    .         Harm     .   m - +1 pair of gloves
MR       .....                  (no boots)
Stlth    ..........             (no amulet)
Regen    0.2/turn               n - ring of stealth
MPRegen  0.1/turn               (no ring)

@: no status effects
A: retaliatory headbutt, horns 2
a: no special abilities


You were on level 3 of the Dungeon.
You were not hungry.

You visited 1 branch of the dungeon, and saw 4 of its levels.

You collected 200 gold pieces.

Inventory:

Hand Weapons
 a - a +0 war axe (weapon)
Missiles
 d - 3 throwing nets (quivered)
 v - 4 tomahawks
Armour
 b - a +0 leather armour
 e - a +0 chain mail (worn)
 k - a +1 hat (worn)
 m - a +1 pair of gloves (worn)
 o - a +0 shield
Jewellery
 n - a ring of stealth (left hand)
Wands
 u - a wand of flame (48/48)
 y - a wand of confusion (22/48)
Scrolls
 h - 2 scrolls of enchant armour
 q - 2 scrolls of amnesia
 t - a scroll of identify
 w - a scroll of remove curse
Potions
 g - 3 potions of curing
 j - a potion of resistance {unknown}
 l - a potion of invisibility {unknown}
 p - a potion of ambrosia {unknown}
 r - 4 potions of lignification {unknown}
Comestibles
 c - a meat ration
 f - 3 bread rations
 i - 3 fruits
 s - 4 chunks of flesh


   Skills:
 - Level 2.4 Fighting
 * Level 7.1 Axes
 - Level 2.0 Throwing
 - Level 3.2 Dodging


You had 4 spell levels left.
You didn't know any spells.

Dungeon Overview and Level Annotations

Branches:
Dungeon (4/15)
 Temple: D:4-7

Altars:


Innate Abilities, Weirdness & Mutations

You reflexively headbutt those who attack you in melee.
You have a pair of horns on your head.


Message History

The gnoll hits you with a spear.
* * * LOW HITPOINT WARNING * * *
You climb upwards.
There is a stone staircase leading down here.
You hit the gnoll. You headbutt the gnoll.
The gnoll is heavily wounded.
You hit the gnoll. The gnoll hits you with a flail.
* * * LOW HITPOINT WARNING * * *
The gnoll hits you but does no damage.
You closely miss the gnoll.
The gnoll is heavily wounded.
You barely miss the gnoll. The gnoll barely misses you.
The gnoll hits you with a spear.
* * * LOW HITPOINT WARNING * * *
You completely miss the gnoll.
The gnoll is heavily wounded.
You slash the gnoll!
You kill the gnoll!
The gnoll hits you with a flail.
You die...

#####.#.#......# #.####
#######..............####.....
#.....#.#...#.##.....#........
#.....#.#.....##..>..#........
#.......#.....##.....#........
#.......#.....##..............
#.............##.....#........
#.......).....##.....#........
####..[.....)@########........
#....#####g# #########
####.#####.# ######.....#.#
#...######.#.# #......)...#.#
#...########.# #...########.#
#............#


You could see a gnoll.

Vanquished Creatures
  2 gnolls
  4 adders
  An adder zombie (D:3)
  4 worms
  4 dart slugs
  6 orcs (D:3)
  11 goblins
  4 hobgoblins
  4 jackals (D:3)
  3 quokkas
  2 ball pythons
  8 bats
  6 frilled lizards
  6 kobolds
  9 rats
74 creatures vanquished.

Notes
Turn   | Place    | Note
-------+----------+-------------------------------------------
     0 | D:1      | raph the Minotaur Gladiator began the quest for the Orb.
     0 | D:1      | Reached XP level 1. HP: 18/18 MP: 0/0
    24 | D:1      | Reached skill level 4 in Axes
   207 | D:1      | Reached XP level 2. HP: 25/25 MP: 1/1
   541 | D:1      | Reached skill level 5 in Axes
   630 | D:2      | Reached XP level 3. HP: 28/30 MP: 2/2
  1153 | D:2      | Reached skill level 6 in Axes
  1153 | D:2      | Reached XP level 4. HP: 35/37 MP: 3/3
  2496 | D:4      | Reached skill level 7 in Axes
  2496 | D:4      | Reached XP level 5. HP: 28/42 MP: 4/4
  2504 | D:3      | Slain by a gnoll

Skill      XL: |  1  2  3  4 |
---------------+-------------+-----
Axes           | 4 5 6 7 |  7.1
Fighting       | |  2.4
Throwing       | |  2.0
Dodging        | |  3.2

Action                   |  1- 3 |  4- 6 || total
-------------------------+-------+-------++-------
Melee: War axe           |    77 |    19 ||    96
       Headbutt          |    20 |    15 ||    35
       Hand axe          |    29 |    53 ||    82
  Use: Scroll            |     6 |     3 ||     9
       Potion            |       |     1 ||     1
  Eat: Chunk             |     1 |     4 ||     5
Armor: Chain mail        |    49 |    42 ||    91
Dodge: Dodged            |    59 |    46 ||   105
